Cogmind - Beta 13 @@@ ROGUE MODE // 2024.04.07 @ 05:35:06 Player: Eschess Result: Destroyed by G-34 Mercenary with Small Laser Performance ------------- Evolutions (1) 500 Regions Visited (3) 600 Robots Destroyed (14) 70 Value Destroyed (341) 341 Prototype IDs (2) 40 Alien Tech Used (0) 0 Bonus (40) 40 TOTAL SCORE: 1591 Bonus ------- Follower Combat Kills 40 Cogmind --------- Core Integrity 0/400 Matter 28/300 Energy 100/100 System Corruption 0% Temperature Cool (6) Movement Core (200) Ox3 Location -9/Storage Parts ------- > --- POWER (2) -------- (None) > --- PROPULSION (2) --- (None) > --- UTILITY (3) ------ Small Storage Unit Hardened Light Armor Plating > --- WEAPON (2) ------- (None) > --- INVENTORY (8) ---- Heat Sink Signal Interpreter Light Armor Plating Field Recycling Unit (0) Light Assault Rifle Mining Laser Hammer Peak State ------------ > --- POWER ------------ Ion Engine Ion Engine > --- PROPULSION ------- Wheel Wheel > --- UTILITY ---------- Cargo Storage Unit Seismic Detector > --- WEAPON ----------- Assault Rifle Light Assault Rifle > --- INVENTORY -------- Light Ion Engine Light Treads Heat Sink Small Storage Unit Signal Interpreter EM Pulse Gun Beam Cannon Grenade Launcher Mining Laser Hammer [Rating: 10] Favorites ----------- Power Ion Engine Engine Ion Engine Propulsion Wheel Treads Light Treads Wheel Wheel Utility Cargo Storage Unit Device Seismic Detector Storage Cargo Storage Unit Protection Hardened Light Armor Plating Weapon Light Assault Rifle Energy Gun Small Laser Ballistic Gun Light Assault Rifle Launcher Grenade Launcher Special Weapon Mining Laser Build | -11 -10 -9 -9 ------- Run | Yrd Mat Mat Sto Slots Evolved 2 | . . 2 . Power 1 | . . 1 . Propulsion . | . . . . Utility 1 | . . 1 . Weapon . | . . . . Parts Attached 27 | 10 8 8 1 Power 3 | 1 . 2 . Engine 3 | 1 . 2 . Core . | . . . . Reactor . | . . . . Propulsion 8 | 4 1 3 . Treads 2 | . . 2 . Leg . | . . . . Wheel 6 | 4 1 1 . Hover . | . . . . Flight . | . . . . Utility 6 | 2 1 2 1 Device 2 | 1 . 1 . Storage 3 | 1 1 1 . Processor . | . . . . Hackware . | . . . . Protection 1 | . . . 1 Artifact . | . . . . Weapon 10 | 3 6 1 . Energy Gun 1 | 1 . . . Energy Cannon . | . . . . Ballistic Gun 5 | 2 3 . . Ballistic Cannon . | . . . . Launcher 3 | . 2 1 . Special Weapon 1 | . 1 . . Impact Weapon . | . . . . Slashing Weapon . | . . . . Piercing Weapon . | . . . . Special Melee Weapon . | . . . . Unidentified Prototypes . | . . . . Parts Lost 8 | . 1 6 1 Power 3 | . . 3 . Propulsion 3 | . 1 1 1 Utility 1 | . . 1 . Weapon 1 | . . 1 . Highest Loss Streak 5 | . 1 5 1 To Critical Strikes . | . . . . Average Slot Usage (%) 72 | . 88 67 22 Engine 12 | . 14 17 . Treads 2 | . . 3 9 Wheel 20 | . 27 14 . Device 3 | . 3 7 . Storage 12 | . 13 11 11 Ballistic Gun 18 | . 26 11 . Launcher 1 | . . 2 . Naked Turns . | . . . . Heaviest Build 156 | 14 150 156 10 Greatest Support 26 | 26 20 20 20 Greatest Overweight (x) 14 | . 14 14 3 Average Overweight (x) 2 | . 3 4 . Largest Inventory Capacity 30 | 8 30 30 8 Average Capacity 19 | 7 23 24 8 Most Carried 13 | 8 13 11 8 Average Carried 9 | 5 10 9 7 Final Capacity 30 | 8 30 8 8 Final Carried 12 | 8 12 7 7 Class Distribution -------------------- 52% | Hauler-Mutant 47% | Mutant Dominant Class ---------------- Hauler-Mutant | -10/Materials Hauler-Mutant | -9/Materials Mutant | -9/Storage Resources | -11 -10 -9 -9 ----------- Run | Yrd Mat Mat Sto Matter Collected 309 | 277 32 . . Remotely . | . . . . Salvage Created 315 | 127 188 . . Parts 23 | 9 14 . . Haulers Intercepted . | . . . . Recyclers Shooed 1 | . 1 . . Parts Field Recycled . | . . . . Retrieved Matter . | . . . . Parts Self-Destructed . | . . . . Prevented . | . . . . Kills | -11 -10 -9 -9 ------- Run | Yrd Mat Mat Sto Combat Hostiles Destroyed 7 | . 7 . . Guns 2 | . 2 . . AOE 5 | . 5 . . Classes Destroyed 5 | 2 3 . . Worker 1 | . 1 . . Tunneler 3 | 3 . . . Recycler 1 | 1 . . . Watcher 2 | . 2 . . Grunt 7 | . 7 . . Best Kill Streak 6 | 2 6 . . Combat Bots Only 2 | . 2 . . Max Kills in Single Turn 3 | 1 3 . . Gunslinging . | . . . . Exploded 2 | . 2 . . Melee . | . . . . Uniques/NPCs Destroyed . | . . . . Combat | -11 -10 -9 -9 -------- Run | Yrd Mat Mat Sto Hostile Shots Fired 162 | . 38 74 50 Missed 56 | . 19 25 12 Damage Taken 1386 | . 246 697 443 Core 443 | . 32 238 173 Absorbed by Shields . | . . . . Core Remaining (%) 93 | 100 87 . . Volleys Fired 40 | 13 25 2 . Largest 2 | 2 2 2 . Hottest 100 | 60 100 50 . Shots Fired 71 | 26 41 4 . Gun 54 | 26 26 2 . Cannon . | . . . . Launcher 10 | . 8 2 . Special 7 | . 7 . . Kinetic 41 | 13 26 2 . Thermal 20 | 13 7 . . Explosive 10 | . 8 2 . Electromagnetic . | . . . . Robot Hit Streak 5 | 5 4 1 . Robot Miss Streak 2 | 1 2 2 . Penetration Max . | . . . . Secondary Targets 1 | . 1 . . Max Gunslinging Chain 1 | . 1 . . Shots Hit Robots 41 | 17 22 2 . Core Hits 29 | 6 22 1 . Critical Kills . | . . . . Critical Parts Destroyed . | . . . . Critical Strikes . | . . . . Melee Attacks . | . . . . Impact . | . . . . Slashing . | . . . . Piercing . | . . . . Sneak Attacks . | . . . . Combat Hostiles . | . . . . Follow-up Attacks . | . . . . Damage Inflicted 939 | 167 729 39 4 Guns 364 | 167 186 11 . Cannons . | . . . . Explosions 555 | . 543 12 . Melee . | . . . . Ramming 20 | . . 16 4 Kinetic 263 | 66 186 11 . Thermal 101 | 101 . . . Explosive 555 | . 543 12 . Electromagnetic . | . . . . Impact . | . . . . Slashing . | . . . . Piercing . | . . . . Highest Corruption . | . . . . Average Corruption . | . . . . Corruption Purged . | . . . . Corruption Blocked . | . . . . Overload Shots . | . . . . Overflow Damage 28 | . 28 . . Projectiles . | . . . . Explosions 28 | . 28 . . Melee . | . . . . Knockbacks . | . . . . Impact . | . . . . Kinetic . | . . . . Secondary . | . . . . Self-Inflicted Damage 21 | . 14 6 1 Shots 1 | . 1 . . Rammed 8 | . . 2 6 Targets Rammed 8 | . . 2 6 Kicked . | . . . . Crushed . | . . . . Highest Temperature 60 | 40 60 7 . Average Temperature 20 | 19 20 6 . Received Heat Transfer 474 | . 126 243 105 Siege Activations . | . . . . Robots Corrupted . | . . . . Combat Hostiles . | . . . . Parts Fried . | . . . . Impact Corruptions . | . . . . Robots Melted . | . . . . Combat Hostiles . | . . . . Parts Melted 1 | 1 . . . Heat Transferred 225 | 225 . . . Parts Sabotaged . | . . . . Parts Stolen . | . . . . Parts Stripped . | . . . . Power Chain Reactions . | . . . . Alert | -11 -10 -9 -9 ------- Run | Yrd Mat Mat Sto Peak Influence 274 | 20 274 154 77 Initial 115 | . 13 115 39 Average 59 | 8 54 123 47 Maximum Alert Level 1 | . 1 . . Low Security (%) 97 | 100 94 100 100 Level 1 2 | . 5 . . Level 2 . | . . . . Level 3 . | . . . . Level 4 . | . . . . Level 5 . | . . . . High Security . | . . . . Max Security . | . . . . Squads Dispatched 4 | . 1 . 3 Investigation 1 | . . . 1 Extermination . | . . . . Reinforcement 1 | . 1 . . Assault 2 | . . . 2 Garrison . | . . . . Intercept . | . . . . Searches Triggered . | . . . . Construction Impeded . | . . . . Haulers Reinforced . | . . . . Active Scanning Responses . | . . . . Cargo Convoy Interrupts . | . . . . Stealth | -11 -10 -9 -9 --------- Run | Yrd Mat Mat Sto Distress Signals 3 | . 3 . . Communications Jammed . | . . . . Distress Signals . | . . . . Times Spotted 31 | . 17 4 10 Peak Tracking Total 9 | . 5 4 9 Tactical Retreats 1 | . 1 . . Traps | -11 -10 -9 -9 ------- Run | Yrd Mat Mat Sto Traps Triggered 1 | . . . 1 Indirectly . | . . . . Trap Hack Attempts . | . . . . Triggered . | . . . . Disarmed . | . . . . Reprogrammed . | . . . . Reused . | . . . . Traps Extracted . | . . . . Installed . | . . . . Triggered . | . . . . Machines | -11 -10 -9 -9 ---------- Run | Yrd Mat Mat Sto Machines Disabled 3 | . 2 1 . Max in Single Turn 1 | . 1 1 . Machines Repaired . | . . . . Machines Dismantled . | . . . . Machines Sabotaged . | . . . . Overloaded Fab Kills . | . . . . Hacking | -11 -10 -9 -9 --------- Run | Yrd Mat Mat Sto Machines Accessed 10 | . 8 . 2 Terminals 7 | . 5 . 2 Fabricators . | . . . . Repair Stations 1 | . 1 . . Recycling Units 2 | . 2 . . Scanalyzers . | . . . . Garrison Access . | . . . . Total Hacks 28 | . 23 . 5 Successful 14 | . 12 . 2 Failed 14 | . 11 . 3 Catastrophic 1 | . . . 1 Database Lockouts . | . . . . Manual 5 | . . . 5 Terminals 23 | . 18 . 5 Fabricators . | . . . . Repair Stations 1 | . 1 . . Recycling Units 4 | . 4 . . Scanalyzers . | . . . . Garrison Access . | . . . . Terminal Hacks 12 | . 10 . 2 Record 2 | . 2 . . Robot Analysis 1 | . . . 1 Prototype ID Bank 1 | . 1 . . Emergency Access Points 1 | . 1 . . Terminal Index 1 | . 1 . . Alert Level 1 | . 1 . . Locate Traps 1 | . 1 . . Dispatch Records 1 | . 1 . . Maintenance Status 1 | . 1 . . Registered Components 1 | . 1 . . Zone Layout 1 | . . . 1 Fabricator Hacks . | . . . . Repair Station Hacks . | . . . . Recycling Unit Hacks 2 | . 2 . . Report Inventory 2 | . 2 . . Scanalyzer . | . . . . Garrison Access Hacks . | . . . . Unauthorized Hacks . | . . . . Terminals . | . . . . Fabricators . | . . . . Repair Stations . | . . . . Recycling Units . | . . . . Scanalyzers . | . . . . Garrison Access . | . . . . Data Cores Recovered . | . . . . Used . | . . . . Hacking Detections 10 | . 7 . 3 Full Trace Events 2 | . 1 . 1 Feedback Events . | . . . . Feedback Blocked . | . . . . Robot Schematics Acquired . | . . . . Robots Built . | . . . . Authchips . | . . . . Time . | . . . . Total Robot Build Rating . | . . . . Part Schematics Acquired . | . . . . Parts Built . | . . . . Authchips . | . . . . Time . | . . . . Total Part Build Rating . | . . . . Parts Repaired . | . . . . Time . | . . . . Parts Recycled . | . . . . Recycled Matter . | . . . . Retrieved Matter . | . . . . Retrieved Components . | . . . . Parts Scanalyzed . | . . . . Part Schematics Acquired . | . . . . Parts Damaged . | . . . . Bothacking | -11 -10 -9 -9 ------------ Run | Yrd Mat Mat Sto Used RIF Installer . | . . . . Robots Hacked . | . . . . Non-combat . | . . . . Combat . | . . . . Robot Hacks Applied . | . . . . Relay Couplers Released . | . . . . Fabnet Peak Effective % . | . . . . Robots Rewired . | . . . . Allies Hacked . | . . . . Hacks Repelled . | . . . . Allies | -11 -10 -9 -9 -------- Run | Yrd Mat Mat Sto Total Allies 2 | . . . 2 Largest Group 2 | . . . 2 Highest-Rated Group 62 | . . . 62 Highest-Rated Ally 31 | . . . 31 Total Orders . | . . . . Ally Attacks 13 | . . . 13 Total Damage 213 | . . . 213 Kills 2 | . . . 2 Allies Corrupted . | . . . . Allies Melted . | . . . . Intel | -11 -10 -9 -9 ------- Run | Yrd Mat Mat Sto Robot Analysis Total 1 | . . . 1 Derelict Logs Recovered . | . . . . Drone Launches . | . . . . Drone Recoveries . | . . . . Exploration | -11 -10 -9 -9 ------------- Run | Yrd Mat Mat Sto Turns Passed 1308 | 161 715 224 208 Spaces Moved 782 | 114 441 109 118 Core 27 | 12 . . 15 Treads 139 | . . 36 103 Legs . | . . . . Wheels 616 | 102 441 73 . Hover . | . . . . Flight . | . . . . Fastest Speed 50 | 50 80 160 100 Average Speed 139 | 81 138 180 161 Slowest Speed 290 | 90 290 290 200 Overloaded Moves . | . . . . Propulsion Burnouts . | . . . . Robots Hopped . | . . . . Cave-ins Triggered . | . . . . Exploration Rate (%) 24 | 5 61 9 24 Regions Visited 3 Branch Regions 1 Pre-discovered Areas . | . . . . Known Exits Taken . | . . . . Unknown Exits Taken 3 | 1 1 1 . Scrap Searched . | . . . . Spaces Dug 7 | . 7 . . Terrain Destroyed 35 | . 27 8 . Melee . | . . . . Projectile 7 | . 7 . . AOE 28 | . 20 8 . Terrain Rammed . | . . . . Walls Destroyed . | . . . . Machines Disabled . | . . . . Actions | -11 -10 -9 -9 --------- Run | Yrd Mat Mat Sto Total 916 | 160 493 132 131 Wait 7 | . 1 5 1 Move 780 | 113 440 109 118 Hop . | . . . . Pick Up 36 | 19 13 1 3 Fast Attach . | . . . . Attach 17 | 9 2 5 1 Detach 3 | 1 . 2 . Swap 10 | 1 6 3 . Drop 16 | 4 6 4 2 Fire 40 | 13 25 2 . Melee . | . . . . Ram 7 | . . 1 6 Kick . | . . . . Crush . | . . . . Escape Stasis . | . . . . Rewire . | . . . . Trap . | . . . . Miscellaneous . | . . . . Route ------- -11/Scrapyard -10/Materials (discovered 3 exits: [*Mat x2] / [*Min]) -9/Materials -9/Storage History --------- Turn | Location | Event 11 | -11/Scrapyard | Discovered new exit (range 15) 162 | -11/Scrapyard | Entered Materials 243 | -10/Materials | Discovered new exit (range 3) 249 | -10/Materials | Discovered new exit (range 16) 332 | -10/Materials | Build established: Mutant 647 | -10/Materials | Build established: Hauler-Mutant 812 | -10/Materials | Discovered new exit (range 16) 877 | -10/Materials | Entered another Materials area 877 | -9/Materials | Evolved 2 slots: Power x1, Utility x1 924 | -9/Materials | Discovered new exit (range 15) 1073 | -9/Materials | Lost 5 parts (2p1n1u1w) 1090 | -9/Materials | Core integrity fell below 50% 1101 | -9/Materials | Entered Storage 1201 | -9/Storage | Met a pair of Derelict thieves 1275 | -9/Storage | Core integrity fell below 20% 1309 | -9/Storage | Destroyed by G-34 Mercenary with Small Laser Last Messages --------------- U-05 Engineer builds a Wall. K-01 Serf cleans the Door Terminal. A pair of derelicts emerge from hiding: "Whew, we thought you were one of them, but you're obviously not! Quick, help us haul this stuff before they figure out we jammed the door open." Dropped Beam Rifle. Acquired Lgt. Armor Plating. ALERT: Breach in storage area. Dispatching assault force. 60-QQ2(g): "So much for stealth, let's take what we have and get out of here before it's too late." Connecting with Door Terminal... R-06 Scavenger collects Beam Rifle. WQ-TT1(g) suffers critical hit (Burn). Lgt. Treads destroyed. Connecting with Terminal... ALERT: Suspicious activity at Terminal S008. Dispatching Investigation squad. Slammed into S-10 Pest. Slammed into G-34 Mercenary. M-13 Machinist repairs G-47 Trooper. Map ----- +----------------------------------------------------+ | | | | | | | | | | | | | | | | | | | | | | | | | | | | | | | | | | | | | | | ?????###########?????????????????????????? | | ???### ########################### | | ???#"" """ """ # | | ???#"" """ """ /gb | | ???#"T """ """ #g | | ???#"" ## ######## %###########+# | | ???#"" ##@#??????# #????? #### | | ???### # ?????# #????? ###T | | ?????# # ???# #????? ####" | | ?????###### #### ?# #????? ## | | ??????????###??# a + +????? ##!! | | ???????????????# """"" # #????? ## ! | | ???????????????# """"" # #????? ##! ! | | ???????????????# """"" # +????? ###### | | ???????????????# # #????? ###### | | ???????????????##""????? # #????? #???## | | ?????????????????????????# #????? #???# | | ?????????????????????????# #????? #???# | | ?????????????????????????? ?????? #???# | | ???????????????????????????????????##???# | | ???????????????????????????????????####### | | ??????????????????????????????????? | | ??????????????????????????????????? | | ??????????????????????????????????? """"" | | ??????????????????????????????????? """"" | | ??????????????????????????????????? """""" | | ??????????????????????????????????? """" | | ??????????????????????????????????? | | ??????????????????????????????????? | | ???????????????????????????????????#T###/# | | ?????????????????????????????????????????? | +----------------------------------------------------+ Best States ------------- Heat Dissipation 28 Energy Generation 15 Energy Capacity 400 Matter Stores 300 Matter Capacity 300 Sight Range 16 Terrain Scan Density 10 Armor Coverage 150 Evasion (%) 50 Recoil Reduction 1 Item Schematics ----------------- None Robot Schematics ------------------ None Fabricated ------------ Nothing Alien Tech Used ----------------- None Achievements -------------- None Challenges ------------ None Game ------ Seed ForceMomentumAccelerator Manual? 0 Play Time 00:30:52 Cumulative 3.8 hours Start 2024.04.07 @ 05:02:35 End 2024.04.07 @ 05:35:06 Sessions 1 Manual Loads 0 Difficulty Rogue Special Mode None Game No. 4 Rogue 4 Adventurer 0 Explorer 0 Win Type - Total 0 Types 0/0/0/0/0/0/0/0/0 Lore% 2 Gallery% 11 Achievement% 10 Wizard Run 0 Options --------- Layout 0 ASCII 0 Keyboard 0 Movement Numpad Keybinds 0 Fullscreen 1 Font 18/SmallcapsGlow Map View 76x50 Zoom Use 0% Tactical HUD 0 Map Filters NONE Filters NONE Steam 1 RUN: 5352a239-7bc0-4630-9541-a642ec05d76b